Map: Prion Terraces

Players

Miszu

  • Race: Terran Terran
  • League: Grandmaster

Senin - Winner!

  • Race: Zerg Zerg
  • League: Grandmaster

VOD

Have the link to the VOD?

Description

Time

  • Played on: Feb. 17, 2016, 3:01 p.m.
  • Length: 12:56
Show
View Real Time Build Order
Export as new Build Order

Miszu Terran 

Build Orders: MMM Bio 

Get SALT Encoding   

  12  0:00  SCV  
  13  0:13  SCV  
  14  0:17  Supply Depot  
  14  0:25  SCV  
  15  0:33  Refinery  
  15  0:38  SCV  
  16  0:44  Barracks  
  16  0:50  SCV  
  17  1:02  SCV  
  18  1:05  Barracks  
  18  1:16  SCV  
  19  1:21  Barracks  
  19  1:29  SCV  
  19  1:31  Reaper  
  21  1:38  Supply Depot  
  21  1:42  SCV  
  22  1:52  Reaper  
  23  1:58  Orbital Command  
  23  2:03  Refinery  
  23  2:05  Reaper  
  24  2:10  Reaper  
  25  2:16  Supply Depot  
  25  2:23  SCV  
  26  2:30  Reaper  
  26  2:35  SCV  
  28  2:39  Reaper  
  29  2:49  Reaper  
  29  2:50  SCV  
  31  2:57  Supply Depot  
  31  3:02  SCV  
  32  3:06  Reaper  
  32  3:11  Reaper  
  34  3:14  SCV  
  34  3:18  Command Center  
  35  3:21  Reaper  
  36  3:38  Reaper  
  36  3:41  SCV  
  38  3:44  Reaper  
  39  3:53  Reaper, SCV  
  40  3:59  Command Center  
  40  4:05  SCV  
  41  4:10  Reaper  
  41  4:16  Reaper  
  43  4:17  SCV  
  43  4:26  Reaper  
  43  4:29  SCV  
  44  4:56  SCV  
  45  5:00  Orbital Command  
  45  5:05  Barracks Tech Lab  
  44  5:07  Barracks Tech Lab  
  44  5:08  SCV  
  44  5:12  Factory, Barracks Reactor  
  44  5:13  Orbital Command  
  45  5:14  Barracks  
  45  5:15  Barracks  
  45  5:20  SCV  
  45  5:29  Marine x2  
  45  5:32  SCV, Combat Shields  
  45  5:33  Stimpack  
  45  5:35  Orbital Command  
  48  5:42  SCV  
  49  5:44  SCV  
  49  5:46  Marine  
  49  5:47  Marine  
  49  5:48  Marine x2  
  54  6:00  SCV  
  54  6:01  SCV  
  54  6:03  Marine x2  
  59  6:04  Marine x2  
  59  6:05  Marine  
  59  6:06  Starport  
  59  6:07  Factory Reactor  
  59  6:10  Marine  
  61  6:14  Refinery x2  
  61  6:20  Marine  
  62  6:26  Marine x4  
  62  6:27  SCV  
  62  6:28  Marine  
  68  6:36  Engineering Bay x2  
  68  6:38  Marine  
  69  6:43  Marine  
  69  6:44  Marine x3  
  69  6:46  Marine  
  73  6:50  Factory Tech Lab  
  73  6:51  Medivac  
  73  6:52  Medivac  
  73  6:53  SCV x3  
  77  6:58  Supply Depot  
  77  6:59  Supply Depot  
  77  7:01  Marine x2  
  78  7:02  Marine, Terran Infantry Armor Level 1  
  78  7:05  Supply Depot  
  78  7:07  Supply Depot  
  79  7:10  Marine  
  79  7:12  Siege Tank  
  83  7:16  Marine x2  
  83  7:21  Marine x2  
  87  7:28  Marine x2  
  87  7:29  Medivac  
  91  7:31  Medivac  
  91  7:36  Marine x2  
  95  7:39  Marine  
  95  7:41  Marine  
  97  7:48  Marine  
  97  7:49  Marine  
  98  7:54  Marine x2  
  98  7:56  Supply Depot  
  98  7:57  Marine  
  101  7:59  Marine  
  101  8:03  Orbital Command  
  102  8:06  Marine, Armory  
  102  8:08  Siege Tank  
  102  8:12  Marine  
  108  8:22  Marine  
  108  8:24  Barracks Reactor x2  
  108  8:25  SCV x2  
  110  8:28  SCV  
  110  8:30  Marine x2  
  110  8:33  Terran Infantry Weapons Level 1  
  113  8:36  Marine  
  113  8:37  SCV x2  
  113  8:39  Marine  
  113  8:40  SCV  
  113  8:49  Medivac, Siege Tank, SCV x2  
  113  8:52  SCV  
  121  8:55  Marauder  
  121  9:01  SCV x2  
  121  9:02  Marauder  
  125  9:10  Missile Turret  
  125  9:16  Supply Depot, Marine x5  
  133  9:17  Marine, Marauder, SCV  
  136  9:24  Marauder, Missile Turret  
  136  9:27  Missile Turret  
  136  9:31  Bunker  
  136  9:34  Marine x3  
  136  9:37  Siege Tank  
  142  9:43  Marine x2  
  146  9:46  Medivac  
  146  9:49  Supply Depot  
  146  9:53  Supply Depot  
  145  10:00  Refinery, Marine  
  145  10:01  Marine  
  147  10:08  Marine, Marauder  
  147  10:09  Marine x4  
  154  10:18  Marine  
  154  10:19  Marine  
  156  10:26  Marine x3  
  156  10:27  Marauder  
  161  10:29  Marine, Siege Tank  
  161  10:30  Marauder  
  161  10:34  Command Center  
  166  10:40  Medivac x2  
  170  10:47  Marine  
  170  10:48  Marine, Marauder  
  170  10:51  Marauder  
Show
View Real Time Build Order
Export as new Build Order

Senin Zerg - Winner!

Build Orders: Hatch First, Muta Ling Bane 

Get SALT Encoding   

  12  0:00  Drone  
  13  0:12  Overlord  
  13  0:19  Drone  
  14  0:30  Drone  
  14  0:31  Drone  
  14  0:34  Drone  
  17  0:52  Hatchery  
  17  0:55  Drone  
  17  0:59  Drone  
  17  1:01  Extractor  
  17  1:06  Drone  
  18  1:17  Spawning Pool  
  17  1:21  Drone  
  18  1:33  Drone  
  19  1:40  Overlord  
  19  1:49  Drone  
  20  2:04  Queen x2  
  20  2:05  Metabolic Boost  
  24  2:09  Zergling x2  
  24  2:12  Zergling x2  
  24  2:14  Zergling x2  
  27  2:18  Drone  
  27  2:22  Drone  
  29  2:25  Drone  
  30  2:34  Drone  
  30  2:45  Overlord  
  30  2:47  Drone x2  
  30  2:50  Hatchery  
  30  2:54  Overlord  
  30  2:58  Zergling x2  
  30  3:05  Zergling x2  
  31  3:15  Zergling x12  
  31  3:18  Drone  
  38  3:26  Roach Warren  
  35  3:30  Zergling x4  
  36  3:39  Drone x2  
  37  3:44  Drone x2  
  37  3:45  Drone  
  38  3:56  Overlord  
  38  4:00  Extractor  
  39  4:10  Roach  
  39  4:11  Roach x4  
  39  4:15  Roach  
  51  4:20  Queen  
  53  4:25  Roach  
  53  4:30  Roach x3  
  59  4:32  Overlord  
  59  4:39  Drone  
  59  4:44  Queen  
  56  4:53  Drone  
  56  4:56  Drone x5  
  56  4:59  Drone  
  60  5:04  Ravager x2  
  60  5:06  Overlord  
  62  5:09  Drone  
  62  5:11  Drone  
  62  5:13  Extractor  
  63  5:21  Lair  
  63  5:24  Ravager  
  63  5:30  Drone x2  
  63  5:31  Drone x4  
  63  5:34  Extractor  
  68  5:38  Drone x3  
  68  5:40  Overlord  
  71  5:48  Roach  
  73  5:51  Drone  
  74  5:59  Overlord  
  74  6:02  Overlord x2  
  74  6:03  Overlord  
  74  6:19  Glial Reconstitution  
  74  6:20  Hatchery  
  70  6:26  Roach x4  
  70  6:30  Roach x2  
  82  6:36  Roach x2  
  86  6:42  Ravager x4  
  86  6:44  Roach x2  
  94  6:51  Roach x3  
  100  6:55  Roach x2  
  104  7:05  Overlord x2  
  104  7:06  Zergling x2  
  105  7:09  Zergling x2  
  106  7:20  Spire  
  106  7:21  Zergling x2  
  106  7:22  Zergling x2  
  107  7:29  Zergling x12  
  113  7:35  Ravager x3  
  116  7:39  Drone x2  
  116  7:41  Drone  
  119  7:46  Drone x2  
  121  7:52  Overlord  
  121  7:57  Baneling Nest, Drone x5  
  121  7:58  Drone x2  
  127  8:00  Drone  
  128  8:08  Overlord  
  128  8:09  Extractor  
  128  8:10  Overlord  
  127  8:16  Ravager x4  
  127  8:17  Extractor, Ravager  
  127  8:18  Roach  
  133  8:22  Roach x2  
  133  8:25  Overlord  
  137  8:31  Overlord x3  
  137  8:35  Mutalisk  
  137  8:40  Mutalisk  
  141  8:46  Queen  
  139  8:50  Drone x2  
  139  8:52  Mutalisk x2  
  144  8:58  Zergling x12  
  144  9:02  Centrifical Hooks  
  150  9:12  Hatchery  
  150  9:14  Zergling x4  
  151  9:22  Zergling x10  
  156  9:25  Mutalisk  
  156  9:28  Zergling x2  
  156  9:29  Zergling x2  
  160  9:33  Zergling x8  
  164  9:39  Mutalisk  
  164  9:40  Mutalisk  
  164  9:41  Mutalisk  
  164  9:44  Mutalisk  
  172  9:48  Mutalisk  
  174  9:53  Baneling x6  
  174  9:54  Baneling x4  
  174  9:58  Baneling  
  174  9:59  Baneling x3  
  173  10:00  Zergling x4  
  174  10:11  Zergling x2  
  174  10:12  Zergling x16  
  183  10:16  Zergling x4  
  183  10:19  Baneling x6  
  183  10:20  Baneling  
  185  10:22  Zergling x2  
  186  10:28  Queen  
  186  10:30  Overlord  
  186  10:34  Zergling x6  
  191  10:40  Zergling x2  
  192  10:42  Baneling  
  192  10:43  Baneling x9  
  191  10:51  Zergling x10  
  162  11:12  Mutalisk x5  
  161  11:21  Zergling x8  
  156  11:30  Mutalisk  
  134  11:43  Extractor x2  
  121  12:07  Extractor  
Tags
 
Add a new tag
Caveats
  • Supply blocks, unpowered buildings, or Contaminate may cause inaccurate times.
  • Supply counts are checked every 10 seconds.